AoeStats
← 芒果芋圆冰

Arena

508409821Analyzed
4v4 RM · 9d ago on Sep 22, 2026· 31m 1s· 8 players
Game mode
Random Map
Map size
Large (8 player)
Population
200
Speed
Normal
Resources
Standard
Victory
Conquest
Starting age
Dark Age
Ending age
Imperial Age
RankedLock teamsTeams togetherTeam positionsShared explorationLock speedFull tech treeHidden civsTurbo modeCheats
Victory
Defeat
🇨🇴 Dravidians · Colombia
1187
+14
🇨🇳 Mongols · China
1139
+16
🇲🇦 Huns · Morocco
1116
+17
🇻🇳 Khmer · Vietnam
1114
+17
🇨🇳 Ethiopians · China
1206
-20
🇨🇳 Burmese · China
1138
-16
🇦🇺 Mongols · Australia
1113
-15
🇦🇺 Cumans · Australia
1074
-13
DeepBlue_
10:45 Feudal Age
15:54 Castle Age
14:35 Double-Bit Axe
14:37 Horse Collar
17:19 Wheelbarrow
17:38 Bow Saw
22:52 Forging
23:05 Husbandry
27:27 Iron Casting
28:50 Hand Cart
28:21 Loom
28:39 Gold Mining
28:39 Stone Mining
28:51 Heavy Plow
oscaramba
10:35 Feudal Age
14:24 Castle Age
13:30 Double-Bit Axe
13:27 Horse Collar
21:48 Wheelbarrow
22:25 Heavy Plow
23:47 Gold Mining
28:21 Imperial Age
27:10 Loom
27:48 Fletching
28:56 Hand Cart
29:04 Bodkin Arrow
29:54 Bracer
365185124
7:42 Loom
9:28 Feudal Age
13:50 Castle Age
12:01 Double-Bit Axe
16:18 Horse Collar
20:52 Wheelbarrow
20:44 Heavy Plow
22:28 Bow Saw
24:37 Gold Mining
26:28 Hand Cart
26:53 Gold Shaft Mining
27:17 Stone Mining
27:03 Man-at-Arms
27:47 Scale Mail Armor
31:30 Imperial Age
29:34 Chain Mail Armor
29:30 Forging
28:47 Long Swordsman
29:28 Squires
29:18 Arson
30:40 Stone Shaft Mining
31:54 Iron Casting
KhmerEmpire9164
2:12 Loom
12:05 Feudal Age
15:23 Castle Age
13:27 Double-Bit Axe
14:10 Horse Collar
14:33 Stone Mining
15:32 Gold Mining
19:49 Wheelbarrow
19:56 Bow Saw
27:55 Hand Cart
30:41 Gold Shaft Mining
31:34 Husbandry
31:45 Bloodlines
30:55 Light Cavalry
Grimble_Grumble
9:52 Feudal Age
13:46 Castle Age
12:09 Double-Bit Axe
12:50 Horse Collar
15:37 Wheelbarrow
16:45 Horse Collar
21:37 Bow Saw
22:23 Loom
27:53 Imperial Age
25:36 Heavy Plow
25:25 Town Watch
芒果芋圆冰
11:17 Feudal Age
11:35 Feudal Age
16:10 Castle Age
14:19 Horse Collar
16:07 Wheelbarrow
16:31 Wheelbarrow
17:15 Heavy Plow
20:26 Loom
21:46 Gold Mining
28:02 Imperial Age
MegaPanda
9:58 Feudal Age
11:10 Double-Bit Axe
11:06 Horse Collar
15:18 Loom
18:12 Wheelbarrow
17:29 Gold Mining
21:25 Castle Age
19:40 Gold Mining
22:18 Scale Barding Armor
22:23 Forging
22:41 Bow Saw
22:32 Heavy Plow
23:14 Gold Shaft Mining
22:46 Heavy Plow
22:10 Capped Ram
23:36 Bloodlines
23:50 Chain Barding Armor
24:22 Chain Barding Armor
24:38 Iron Casting
29:19 Hand Cart
HUOHUO
10:30 Feudal Age
15:20 Castle Age
13:56 Double-Bit Axe
14:28 Horse Collar
14:43 Gold Mining
15:10 Stone Mining
16:36 Bow Saw
18:06 Wheelbarrow
23:00 Scale Mail Armor
24:04 Chain Mail Armor
26:08 Forging
28:07 Hand Cart
29:26 Iron Casting
29:30 Loom
Connection lost

Rejoining the realm…

Still unreachable

The connection could not be restored.

Session expired

The server has moved on; the page needs a fresh start.